TOP OF THE 1ST |
Springfield Stars batting - Pitching for Kansas City Kings : LHP Jesús López
|
Pitching: LHP Jesús López
|
|
Batting: RHB Norberto Taváres
|
0-0: SINGLE (Groundball, 4MD)
|
Batting: RHB Calvin Bennett
|
0-0: Ball 1-0: Called Strike Norberto Taváres steals 2nd base 1-1: Ball 2-1: Ball 3-1: Fly out, F6 (Popup, 6D)
|
Batting: LHB Derek Davidson
|
0-0: Ball Norberto Taváres is caught stealing 3rd base 1-0: SINGLE (Groundball, 4D)
|
Batting: LHB Felipe Guerrero
|
0-0: Ball 1-0: Swinging Strike 1-1: Swinging Strike 1-2: Ball 2-2: Strikes out swinging
|
Top of the 1st over - 0 run(s), 2 hit(s), 0 error(s), 1 left on base; Springfield 0 - Kansas City 0 |
BOTTOM OF THE 1ST |
Kansas City Kings batting - Pitching for Springfield Stars : LHP Anthony Erickson
|
Pitching: LHP Anthony Erickson
|
|
Batting: LHB Bruno Lalonde
|
0-0: Foul Ball, location: 2F 0-1: Ball 1-1: Foul Ball, location: 2F 1-2: Ball 2-2: Foul Ball, location: 2F 2-2: Ground out 4-3 (Groundball, 4)
|
Batting: LHB Ray Spencer
|
0-0: Ball 1-0: Ball 2-0: Called Strike 2-1: Foul Ball, location: 2F 2-2: Strikes out swinging
|
Batting: RHB Toshimichi Kono
|
0-0: Ball 1-0: Called Strike 1-1: Ball 2-1: Ball 3-1: Foul Ball, location: 2F 3-2: Foul Ball, location: 2F 3-2: Strikes out swinging
|
Bottom of the 1st over - 0 run(s), 0 hit(s), 0 error(s), 0 left on base; Springfield 0 - Kansas City 0 |
TOP OF THE 2ND |
Springfield Stars batting - Pitching for Kansas City Kings : LHP Jesús López
|
Batting: LHB Elliott Newell
|
0-0: Foul Ball, location: 2F 0-1: Foul Ball, location: 2F 0-2: Ball 1-2: SOLO HOME RUN (Flyball, 9LD), Distance : 361 ft
|
Batting: SHB Shane Hutchinson
|
0-0: Ball 1-0: Ball 2-0: Foul Ball, location: 2F 2-1: Ball 3-1: Called Strike 3-2: Fly out, F6 (Popup, 5D)
|
Batting: RHB Juan Carlos Rodríguez
|
0-0: Ball 1-0: Ground out 6-3 (Groundball, 6)
|
Batting: LHB Ryan Drake
|
0-0: Foul Ball, location: 2F 0-1: Ball 1-1: SINGLE (Groundball, 34D)
|
Batting: RHB Will Sterling
|
0-0: Called Strike 0-1: Fielders Choice at 2nd, 6-4 (Groundball, 6)
|
Top of the 2nd over - 1 run(s), 2 hit(s), 0 error(s), 0 left on base; Springfield 1 - Kansas City 0 |
BOTTOM OF THE 2ND |
Kansas City Kings batting - Pitching for Springfield Stars : LHP Anthony Erickson
|
Batting: RHB Chris Chandler
|
0-0: Ball 1-0: Called Strike 1-1: Ball 2-1: Ball 3-1: Foul Ball, location: 2F 3-2: Base on Balls
|
Batting: LHB Luis González
|
0-0: Called Strike 0-1: Ball 1-1: DOUBLE (Groundball, 3L) Chris Chandler to third Runner from 3rd tries for Home, SAFE, no throw
|
Batting: RHB Dave Parker
|
0-0: Ball 1-0: Ball 2-0: Foul Ball, location: 2F Balk! Luis González to third 2-1: Ball 3-1: Fly out, F9 (Flyball, 9) Runner from 3rd tags up, SCORES, throw made
|
Batting: SHB Douglas Taylor
|
0-0: Ball 1-0: Called Strike 1-1: Foul Ball, location: 2F 1-2: Ball 2-2: Ball 3-2: Strikes out swinging
|
Batting: LHB Howard Lambert
|
0-0: Ball 1-0: Called Strike 1-1: Ball 2-1: Foul Ball, location: 2F 2-2: Ball 3-2: Base on Balls
|
Batting: SHB António De La Cruz
|
0-0: SINGLE (Line Drive, 89S) Howard Lambert to second
|
Batting: LHB Bruno Lalonde
|
0-0: Foul Ball, location: 2F 0-1: Foul Ball, location: 2F 0-2: Fly out, F5 (Line Drive, 6)
|
Bottom of the 2nd over - 2 run(s), 2 hit(s), 0 error(s), 2 left on base; Springfield 1 - Kansas City 2 |
TOP OF THE 3RD |
Springfield Stars batting - Pitching for Kansas City Kings : LHP Jesús López
|
Batting: RHB Norberto Taváres
|
0-0: Ball 1-0: Ball 2-0: Foul Ball, location: 2F 2-1: Called Strike 2-2: Fly out, F8 (Line Drive, 8LD)
|
Batting: RHB Calvin Bennett
|
0-0: Ball 1-0: Ground out 5-3 (Groundball, 56S)
|
Batting: LHB Derek Davidson
|
0-0: Swinging Strike 0-1: Ball 1-1: Foul Ball, location: 2F 1-2: Ball 2-2: Ball 3-2: SINGLE (Line Drive, 9S)
|
Batting: LHB Felipe Guerrero
|
0-0: Ball 1-0: Fly out, F8 (Flyball, 89M)
|
Top of the 3rd over - 0 run(s), 1 hit(s), 0 error(s), 1 left on base; Springfield 1 - Kansas City 2 |
BOTTOM OF THE 3RD |
Kansas City Kings batting - Pitching for Springfield Stars : LHP Anthony Erickson
|
Batting: LHB Ray Spencer
|
0-0: Ball 1-0: Foul Ball, location: 2F 1-1: Fly out, F5 (Line Drive, 5S)
|
Batting: RHB Toshimichi Kono
|
0-0: Called Strike 0-1: Called Strike 0-2: Ball 1-2: Foul Ball, location: 2F 1-2: Ball 2-2: Strikes out swinging
|
Batting: RHB Chris Chandler
|
0-0: Called Strike 0-1: DOUBLE (Flyball, 78XD)
|
Batting: LHB Luis González
|
0-0: Swinging Strike 0-1: Ball 1-1: Foul Ball, location: 2F 1-2: Foul Ball, location: 2F 1-2: Ball 2-2: Fly out, F8 (Flyball, 78D)
|
Bottom of the 3rd over - 0 run(s), 1 hit(s), 0 error(s), 1 left on base; Springfield 1 - Kansas City 2 |
TOP OF THE 4TH |
Springfield Stars batting - Pitching for Kansas City Kings : LHP Jesús López
|
Batting: LHB Elliott Newell
|
0-0: Called Strike 0-1: Ball 1-1: Called Strike 1-2: Ball 2-2: Foul Ball, location: 2F 2-2: Ball 3-2: Fly out, F4 (Popup, 4)
|
Batting: SHB Shane Hutchinson
|
0-0: Ball 1-0: Ball 2-0: Foul Ball, location: 2F 2-1: Foul Ball, location: 2F 2-2: Ball 3-2: SINGLE (Groundball, 34D)
|
Batting: RHB Juan Carlos Rodríguez
|
0-0: Called Strike Shane Hutchinson steals 2nd base 0-1: Ground out 5-3 (Groundball, 56)
|
Batting: LHB Ryan Drake
|
0-0: Ground out 4-3 (Groundball, 4)
|
Top of the 4th over - 0 run(s), 1 hit(s), 0 error(s), 1 left on base; Springfield 1 - Kansas City 2 |
BOTTOM OF THE 4TH |
Kansas City Kings batting - Pitching for Springfield Stars : LHP Anthony Erickson
|
Batting: RHB Dave Parker
|
0-0: Called Strike 0-1: Ball 1-1: Ball 2-1: Foul Ball, location: 2F 2-2: Strikes out looking
|
Batting: SHB Douglas Taylor
|
0-0: Called Strike 0-1: Called Strike 0-2: Ball 1-2: Ball 2-2: Fly out, F2 (Popup, 34S)
|
Batting: LHB Howard Lambert
|
0-0: Foul Ball, location: 2F 0-1: Ball 1-1: Ball 2-1: Ground out U3 (Groundball, 34S)
|
Bottom of the 4th over - 0 run(s), 0 hit(s), 0 error(s), 0 left on base; Springfield 1 - Kansas City 2 |
TOP OF THE 5TH |
Springfield Stars batting - Pitching for Kansas City Kings : LHP Jesús López
|
Batting: RHB Will Sterling
|
0-0: Ball 1-0: Reached on error, E5 (Groundball, 56S)
|
Batting: RHB Norberto Taváres
|
0-0: Ball 1-0: Ball 2-0: Foul Ball, location: 2F 2-1: Foul Ball, location: 2F 2-2: Fly out, F7 (Flyball, 7LM)
|
Batting: RHB Calvin Bennett
|
0-0: Called Strike 0-1: Ball 1-1: DOUBLE (Line Drive, 7D) Will Sterling to third
|
Batting: LHB Derek Davidson
|
0-0: Called Strike 0-1: Swinging Strike 0-2: Ball 1-2: Foul Ball, location: 2F 1-2: Strikes out swinging
|
Batting: LHB Felipe Guerrero
|
0-0: Called Strike 0-1: Ball 1-1: Foul Ball, location: 2F 1-2: Foul Ball, location: 2F 1-2: Ball 2-2: Foul Ball, location: 2F 2-2: Fly out, F8 (Flyball, 89D)
|
Top of the 5th over - 0 run(s), 1 hit(s), 1 error(s), 2 left on base; Springfield 1 - Kansas City 2 |
BOTTOM OF THE 5TH |
Kansas City Kings batting - Pitching for Springfield Stars : LHP Anthony Erickson
|
Batting: SHB António De La Cruz
|
0-0: Ball 1-0: Called Strike 1-1: Swinging Strike 1-2: Ground out 6-3 (Groundball, 6)
|
Pitching: LHP Shan Liu
|
|
Batting: LHB Bruno Lalonde
|
0-0: Ball 1-0: Called Strike 1-1: Ground out 6-3 (Groundball, 6)
|
Batting: LHB Ray Spencer
|
0-0: Swinging Strike 0-1: Swinging Strike 0-2: Ball 1-2: SINGLE (Line Drive, 89S)
|
Batting: RHB Toshimichi Kono
|
0-0: Fielders Choice at 2nd, 4-6 (Groundball, 4)
|
Bottom of the 5th over - 0 run(s), 1 hit(s), 0 error(s), 0 left on base; Springfield 1 - Kansas City 2 |
TOP OF THE 6TH |
Springfield Stars batting - Pitching for Kansas City Kings : LHP Jesús López
|
Batting: LHB Elliott Newell
|
0-0: Ball 1-0: Foul Ball, location: 2F 1-1: Foul Ball, location: 2F 1-2: Ball 2-2: Strikes out swinging
|
Batting: SHB Shane Hutchinson
|
0-0: Called Strike 0-1: Ball 1-1: Ball 2-1: Ball 3-1: Called Strike 3-2: Ground out 6-3 (Groundball, 6)
|
Batting: RHB Juan Carlos Rodríguez
|
0-0: Called Strike 0-1: Swinging Strike 0-2: Ball 1-2: Ground out 1-3 (Groundball, P)
|
Top of the 6th over - 0 run(s), 0 hit(s), 0 error(s), 0 left on base; Springfield 1 - Kansas City 2 |
BOTTOM OF THE 6TH |
Kansas City Kings batting - Pitching for Springfield Stars : LHP Shan Liu
|
Batting: RHB Chris Chandler
|
0-0: Called Strike 0-1: SINGLE (Line Drive, 8LS)
|
Batting: LHB Luis González
|
0-0: Ball 1-0: Grounds into double play, 4-6-3 (Groundball, 4M)
|
Batting: RHB Dave Parker
|
0-0: Ball 1-0: Ball 2-0: Ground out 6-3 (Groundball, 6M)
|
Bottom of the 6th over - 0 run(s), 1 hit(s), 0 error(s), 0 left on base; Springfield 1 - Kansas City 2 |
TOP OF THE 7TH |
Springfield Stars batting - Pitching for Kansas City Kings : LHP Jesús López
|
Pitching: RHP Nariaki Tanaka
|
|
Batting: LHB Ryan Drake
|
0-0: Called Strike 0-1: Foul Ball, location: 2F 0-2: Ball 1-2: Ground out 4-3 (Groundball, 4)
|
Batting: RHB Will Sterling
|
0-0: Ball 1-0: Ball 2-0: Ball 3-0: Called Strike 3-1: Fly out, F9 (Flyball, 9S)
|
Batting: RHB Norberto Taváres
|
0-0: Called Strike 0-1: Ball 1-1: Called Strike 1-2: Ball 2-2: Strikes out swinging
|
Top of the 7th over - 0 run(s), 0 hit(s), 0 error(s), 0 left on base; Springfield 1 - Kansas City 2 |
BOTTOM OF THE 7TH |
Kansas City Kings batting - Pitching for Springfield Stars : LHP Shan Liu
|
Batting: SHB Douglas Taylor
|
0-0: Ball 1-0: Ball 2-0: Ball 3-0: Ground out 6-3 (Groundball, 6)
|
Batting: LHB Howard Lambert
|
0-0: Ball 1-0: Called Strike 1-1: Foul Ball, location: 2F 1-2: Ground out 4-3 (Groundball, 4S)
|
Batting: SHB António De La Cruz
|
0-0: SINGLE (Line Drive, 8RS)
|
Batting: LHB Bruno Lalonde
|
0-0: Foul Ball, location: 2F 0-1: Fly out, F6 (Popup, 6MD)
|
Bottom of the 7th over - 0 run(s), 1 hit(s), 0 error(s), 1 left on base; Springfield 1 - Kansas City 2 |
TOP OF THE 8TH |
Springfield Stars batting - Pitching for Kansas City Kings : RHP Nariaki Tanaka
|
Batting: RHB Calvin Bennett
|
0-0: Ball 1-0: Fly out, F8 (Flyball, 8LXD)
|
Pitching: LHP Ignacio Colón
|
|
Batting: LHB Derek Davidson
|
0-0: Called Strike 0-1: Ball 1-1: Called Strike 1-2: Ball 2-2: Foul Ball, location: 2F 2-2: Reached on error, E4 (Groundball, 34)
|
Batting: LHB Felipe Guerrero
|
0-0: Ball 1-0: Ball 2-0: Ball 3-0: Base on Balls Derek Davidson to second
|
Batting: LHB Elliott Newell
|
0-0: Called Strike 0-1: Foul Ball, location: 2F 0-2: Fly out, F8 (Flyball, 8RS)
|
Batting: SHB Shane Hutchinson
|
0-0: Called Strike 0-1: Ground out 5-3 (Groundball, 5S)
|
Top of the 8th over - 0 run(s), 0 hit(s), 1 error(s), 2 left on base; Springfield 1 - Kansas City 2 |
BOTTOM OF THE 8TH |
Kansas City Kings batting - Pitching for Springfield Stars : LHP Shan Liu
|
Batting: LHB Ray Spencer
|
0-0: Ball 1-0: Foul Ball, location: 2F 1-1: Ground out 4-3 (Groundball, 34D)
|
Pitching: RHP Jorge Delgado
|
|
Batting: RHB Toshimichi Kono
|
0-0: Foul Ball, location: 2F 0-1: Called Strike 0-2: Strikes out swinging
|
Batting: RHB Chris Chandler
|
0-0: Ball Error on foul ball, E2 1-1: Ball 2-1: Foul Ball, location: 2F 2-2: Foul Ball, location: 2F 2-2: Ball 3-2: Ground out 1-3 (Groundball, 15S)
|
Bottom of the 8th over - 0 run(s), 0 hit(s), 1 error(s), 0 left on base; Springfield 1 - Kansas City 2 |
TOP OF THE 9TH |
Springfield Stars batting - Pitching for Kansas City Kings : LHP Ignacio Colón
|
Pitching: RHP Alberto Bonilla
|
|
Pinch Hitting: LHB Jesús Tobías
|
0-0: Ball 1-0: Foul Ball, location: 2F 1-1: Ball 2-1: Swinging Strike 2-2: Foul Ball, location: 2F 2-2: Foul Ball, location: 2F 2-2: Ball 3-2: Fly out, F6 (Popup, 6MD)
|
Batting: LHB Ryan Drake
|
0-0: Called Strike 0-1: Foul Ball, location: 2F 0-2: Strikes out swinging
|
Batting: RHB Will Sterling
|
0-0: Ball 1-0: Ball 2-0: Ground out 5-3 (Groundball, 5S)
|
Top of the 9th over - 0 run(s), 0 hit(s), 0 error(s), 0 left on base; Springfield 1 - Kansas City 2 |
|